[ AOE2 MATCH · #506367181 ]
UnrankedHuns vs Turks
Player's team · WIN
Rival team · LOSS
[ REPLAY ANALYSIS · EXTRACTED FROM THE RECORDED GAME ]
Feudal
9:12
Castle
23:17
Imperial
—
| APM avg | 34.1 |
| APM peak | 80 |
| eAPM avg | 12.2 |
| Villagers / military | 56 / 29 |
Focus
⚔️ 31.4% · 🌾 68.6%
Archer ×17 · Knight ×7 · Militia ×4 · Battering Ram ×1
Feudal
11:31
Castle
22:46
Imperial
—
| APM avg | 34.1 |
| APM peak | 77 |
| eAPM avg | 18.1 |
| Villagers / military | 77 / 6 |
Focus
⚔️ 16.1% · 🌾 83.9%
Skirmisher ×6
Match map
Initial resources + every placement click. Lines = walls · curves = elevation contours. ◆ gold · ⬟ stone · ● berries · ✦ relic · ◌ wall gap
Your base· ✓ Closed at 23:17 · 0t walls · 2 gate(s)
TheSharkus's base· ✓ Closed at 22:46 · 28t walls · 2 gate(s)
Smoothed initial terrain · ◌ = detected wall gap · hover for details
Inputs per minute
— Zen - - TheSharkus
Build order — Zen
134 actions detected in the replay
| 0:00 | Queue | Villager (Male) |
| 0:01 | Queue | Villager (Male) |
| 0:01 | Queue | Villager (Male) |
| 0:01 | Queue | Villager (Male) |
| 1:29 | Queue | Villager (Male) |
| 1:59 | Queue | Villager (Male) |
| 2:28 | Queue | Villager (Male) |
| 2:29 | Queue | Villager (Male) |
| 2:29 | Queue | Villager (Male) |
| 3:12 | Build | Lumber Camp |
| 3:32 | Queue | Villager (Male) |
| 3:41 | Queue | Villager (Male) |
| 4:10 | Queue | Villager (Male) |
| 4:10 | Queue | Villager (Male) |
| 4:21 | Queue | Villager (Male) |
| 4:38 | Queue | Villager (Male) |
| 5:38 | Research | Loom |
| 6:24 | Build | Mining Camp |
| 6:37 | Queue | Villager (Male) |
| 6:58 | Research | Feudal Age |
| 8:14 | Build | Barracks |
| 8:52 | Queue | Militia |
| 8:52 | Queue | Militia |
| 9:12 | Age | Feudal Age |
| 9:18 | Build | Watch Tower |
| 9:22 | Queue | Militia |
| 9:23 | Queue | Villager (Male) |
| 9:28 | Build | Mining Camp |
| 10:02 | Build | Mill |
| 10:03 | Queue | Villager (Male) |
| 10:28 | Queue | Villager (Male) |
| 10:30 | Queue | Militia |
| 10:39 | Research | Man-at-Arms (upgrade) |
| 10:45 | Queue | Villager (Male) |
| 11:09 | Queue | Villager (Male) |
| 11:29 | Build | Archery Range |
| 11:50 | Queue | Villager (Male) |
| 12:26 | Queue | Archer |
| 12:32 | Queue | Villager (Male) |
| 13:01 | Build | Watch Tower |
| 13:10 | Build | Watch Tower |
| 13:18 | Queue | Villager (Male) |
| 13:20 | Queue | Archer |
| 13:21 | Queue | Archer |
| 13:52 | Queue | Villager (Male) |
| 13:54 | Queue | Villager (Male) |
| 13:55 | Queue | Archer |
| 13:56 | Queue | Archer |
| 14:25 | Build | Watch Tower |
| 14:43 | Queue | Villager (Male) |
| 14:51 | Queue | Villager (Male) |
| 14:53 | Build | Farm |
| 14:55 | Build | Farm |
| 14:56 | Build | Farm |
| 14:57 | Build | Farm |
| 14:57 | Queue | Villager (Male) |
| 15:09 | Build | Blacksmith |
| 15:10 | Queue | Villager (Male) |
| 15:38 | Queue | Villager (Male) |
| 15:40 | Queue | Archer |
| 15:41 | Queue | Archer |
| 15:47 | Queue | Villager (Male) |
| 16:26 | Queue | Villager (Male) |
| 16:39 | Queue | Villager (Male) |
| 17:04 | Queue | Villager (Male) |
| 17:05 | Build | Farm |
| 17:45 | Queue | Villager (Male) |
| 17:47 | Build | Farm |
| 17:47 | Build | Farm |
| 17:50 | Build | Farm |
| 17:51 | Build | Farm |
| 17:54 | Queue | Villager (Male) |
| 18:01 | Queue | Villager (Male) |
| 18:14 | Research | Double-Bit Axe |
| 19:17 | Build | Market |
| 19:21 | Queue | Villager (Male) |
| 19:21 | Queue | Villager (Male) |
| 19:22 | Queue | Villager (Male) |
| 19:31 | Queue | Archer |
| 19:31 | Queue | Archer |
| 19:39 | Build | Farm |
| 19:55 | Build | Farm |
| 20:19 | Build | Farm |
| 20:26 | Build | Farm |
| 20:37 | Research | Castle Age |
| 20:41 | Queue | Archer |
| 20:41 | Queue | Archer |
| 21:14 | Research | Fletching |
| 21:27 | Build | Stable |
| 21:44 | Research | Gold Mining |
| 22:20 | Build | Farm |
| 22:21 | Build | Farm |
| 22:23 | Build | Farm |
| 22:38 | Research | Bloodlines |
| 22:44 | Queue | Archer |
| 22:44 | Queue | Archer |
| 23:10 | Build | Stable |
| 23:17 | Age | Castle Age |
| 23:18 | Queue | Knight |
| 23:19 | Queue | Knight |
| 23:20 | Queue | Villager (Male) |
| 23:21 | Queue | Villager (Male) |
| 23:28 | Research | Crossbowman (upgrade) |
| 23:51 | Queue | Villager (Male) |
| 23:51 | Queue | Villager (Male) |
| 23:54 | Build | Lumber Camp |
| 24:10 | Queue | Villager (Male) |
| 24:12 | Queue | Knight |
| 24:14 | Build | Farm |
| 24:37 | Build | Farm |
| 24:38 | Build | Farm |
| 24:59 | Queue | Knight |
| 25:00 | Queue | Knight |
| 25:02 | Build | Farm |
| 25:05 | Queue | Villager (Male) |
| 25:08 | Queue | Archer |
| 25:09 | Queue | Archer |
| 25:30 | Queue | Villager (Male) |
| 25:32 | Queue | Knight |
| 25:32 | Queue | Knight |
| 25:53 | Queue | Villager (Male) |
| 25:54 | Queue | Villager (Male) |
| 26:11 | Queue | Villager (Male) |
| 26:12 | Queue | Villager (Male) |
| 26:16 | Build | Siege Workshop |
| 26:27 | Queue | Villager (Male) |
| 26:46 | Build | Farm |
| 26:48 | Queue | Villager (Male) |
| 26:54 | Queue | Archer |
| 26:54 | Queue | Archer |
| 27:06 | Queue | Battering Ram |
| 27:33 | Build | Castle |
| 27:47 | Queue | Villager (Male) |
| 27:47 | Queue | Villager (Male) |
Build order — TheSharkus
140 actions detected in the replay
| 0:00 | Queue | Villager (Male) |
| 0:01 | Queue | Villager (Male) |
| 0:01 | Queue | Villager (Male) |
| 0:02 | Build | House |
| 0:04 | Build | House |
| 0:19 | Queue | Villager (Male) |
| 0:20 | Queue | Villager (Male) |
| 1:32 | Queue | Villager (Male) |
| 1:32 | Queue | Villager (Male) |
| 1:47 | Build | Lumber Camp |
| 2:02 | Queue | Villager (Male) |
| 2:06 | Queue | Villager (Male) |
| 2:06 | Queue | Villager (Male) |
| 2:32 | Queue | Villager (Male) |
| 2:32 | Queue | Villager (Male) |
| 3:07 | Queue | Villager (Male) |
| 3:07 | Queue | Villager (Male) |
| 3:33 | Build | House |
| 3:35 | Build | House |
| 3:56 | Queue | Villager (Male) |
| 3:56 | Queue | Villager (Male) |
| 3:56 | Queue | Villager (Male) |
| 4:18 | Queue | Villager (Male) |
| 4:30 | Build | Mill |
| 4:45 | Queue | Villager (Male) |
| 4:45 | Queue | Villager (Male) |
| 5:18 | Queue | Villager (Male) |
| 5:18 | Queue | Villager (Male) |
| 5:36 | Queue | Villager (Male) |
| 5:36 | Queue | Villager (Male) |
| 5:36 | Queue | Villager (Male) |
| 6:06 | Queue | Villager (Male) |
| 6:06 | Queue | Villager (Male) |
| 6:14 | Build | House |
| 6:21 | Build | House |
| 6:34 | Queue | Villager (Male) |
| 7:03 | Queue | Villager (Male) |
| 7:15 | Queue | Villager (Male) |
| 7:15 | Queue | Villager (Male) |
| 7:41 | Build | Farm |
| 7:43 | Build | Farm |
| 7:49 | Build | Farm |
| 8:53 | Research | Feudal Age |
| 9:01 | Build | Mining Camp |
| 9:27 | Research | Loom |
| 9:36 | Build | Palisade Wall |
| 9:46 | Build | Palisade Wall |
| 10:03 | Build | Barracks |
| 10:24 | Build | Mining Camp |
| 10:48 | Queue | Villager (Male) |
| 10:53 | Build | Palisade Wall |
| 11:26 | Queue | Villager (Male) |
| 11:31 | Age | Feudal Age |
| 11:40 | Build | Archery Range |
| 12:00 | Build | Palisade Wall |
| 12:02 | Build | Palisade Wall |
| 12:38 | Build | Blacksmith |
| 12:45 | Queue | Villager (Male) |
| 13:16 | Build | Watch Tower |
| 13:24 | Build | House |
| 13:30 | Build | Palisade Wall |
| 13:39 | Build | Palisade Wall |
| 13:42 | Build | House |
| 14:04 | Queue | Villager (Male) |
| 14:08 | Build | Farm |
| 14:23 | Build | Watch Tower |
| 14:26 | Build | House |
| 14:52 | Queue | Villager (Male) |
| 15:25 | Queue | Skirmisher |
| 15:25 | Queue | Skirmisher |
| 15:25 | Queue | Skirmisher |
| 15:45 | Build | Watch Tower |
| 16:09 | Build | Farm |
| 16:10 | Build | Farm |
| 16:11 | Build | Farm |
| 16:13 | Build | Farm |
| 16:15 | Build | Farm |
| 16:24 | Research | Fletching |
| 17:36 | Queue | Skirmisher |
| 17:36 | Queue | Skirmisher |
| 17:51 | Queue | Skirmisher |
| 18:10 | Build | House |
| 18:16 | Build | House |
| 18:55 | Build | Farm |
| 18:55 | Build | Farm |
| 18:56 | Build | Farm |
| 19:15 | Queue | Villager (Male) |
| 19:41 | Queue | Villager (Male) |
| 20:05 | Research | Castle Age |
| 20:05 | Research | Castle Age |
| 20:54 | Research | Double-Bit Axe |
| 20:55 | Research | Horse Collar |
| 21:08 | Build | Market |
| 21:42 | Build | House |
| 22:46 | Age | Castle Age |
| 22:50 | Build | Town Center |
| 22:55 | Build | Town Center |
| 23:02 | Research | Bow Saw |
| 23:03 | Research | Heavy Plow |
| 23:05 | Queue | Villager (Male) |
| 23:05 | Queue | Villager (Male) |
| 23:05 | Queue | Villager (Male) |
| 24:08 | Queue | Villager (Male) |
| 24:08 | Queue | Villager (Male) |
| 24:11 | Queue | Villager (Male) |
| 24:11 | Queue | Villager (Male) |
| 24:45 | Build | Farm |
| 24:45 | Build | Farm |
| 24:46 | Build | Farm |
| 24:46 | Build | Farm |
| 24:58 | Build | Farm |
| 24:59 | Build | Farm |
| 25:05 | Queue | Villager (Male) ×5 |
| 25:07 | Queue | Villager (Male) ×3 |
| 25:11 | Build | Farm |
| 25:16 | Build | House |
| 25:21 | Queue | Villager (Male) ×2 |
| 25:39 | Build | House |
| 25:40 | Build | House |
| 25:48 | Queue | Villager (Male) ×2 |
| 26:20 | Build | Farm |
| 26:20 | Build | Farm |
| 26:20 | Build | Farm |
| 26:20 | Build | Farm |
| 26:24 | Queue | Villager (Male) ×5 |
| 26:29 | Build | Farm |
| 26:35 | Build | Farm |
| 26:41 | Build | Farm |
| 26:43 | Queue | Villager (Male) ×2 |
| 26:45 | Build | House |
| 26:46 | Build | House |
| 26:56 | Queue | Villager (Male) ×2 |
| 27:14 | Queue | Villager (Male) ×3 |
| 27:19 | Build | House |
| 27:24 | Build | Farm |
| 27:25 | Build | Farm |
| 27:26 | Build | Farm |
| 27:32 | Queue | Villager (Male) ×3 |
| 27:55 | Build | Castle |
| 28:12 | Queue | Villager (Male) ×5 |
Match timeline
| 8:14 | Zen · first_building Barracks |
| 9:12 | Zen · age_up feudal |
| 9:36 | TheSharkus · wall_segment Palisade Wall x11 |
| 9:46 | TheSharkus · wall_segment Palisade Wall x12 |
| 10:03 | TheSharkus · first_building Barracks |
| 10:53 | TheSharkus · wall_segment Palisade Wall x1 |
| 11:29 | Zen · first_building Archery Range |
| 11:31 | TheSharkus · age_up feudal |
| 11:40 | TheSharkus · first_building Archery Range |
| 12:00 | TheSharkus · wall_segment Palisade Wall x1 |
| 12:02 | TheSharkus · wall_segment Palisade Wall x1 |
| 13:30 | TheSharkus · wall_segment Palisade Wall x1 |
| 13:39 | TheSharkus · wall_segment Palisade Wall x1 |
| 20:07 | Zen · first_market_sell 100 food |
| 20:12 | Zen · first_market_buy 100 food |
| 21:27 | Zen · first_building Stable |
| 22:46 | TheSharkus · age_up castle |
| 23:11 | TheSharkus · first_market_buy 100 wood |
| 23:17 | Zen · age_up castle |
| 26:16 | Zen · first_building Siege Workshop |
| 27:33 | Zen · first_building Castle |
| 27:55 | TheSharkus · first_building Castle |
| 28:33 | TheSharkus · resign |
[ AI ANALYSIS · 1 CREDIT ]
What really happened in this match?
Wolo.gg analyzes every decision: build order, eco, micro, common mistakes by bracket. Personalized analysis on WhatsApp or Discord in 30 seconds.
Civ guide
Huns
Perfil
Jugador #19639565